 Dungeon Crawl Stone Soup version 0.30-a0-576-g89cddaab80 (webtiles) character file.

Game seed: 14296326128693133295

152 Farfigtubin the Ruffian (level 5, -2/41 HPs)
             Began as a Draconian Transmuter on Dec 30, 2022.
             Slain by Ijyb
             ... wielding a +0 dagger
              (5 damage)
             ... on level 4 of the Dungeon.
             The game lasted 00:16:10 (2130 turns).

Farfigtubin the Ruffian (Draconian Transmuter)      Turns: 2130, Time: 00:16:11

Health: -2/41      AC:  0    Str: 14    XL:     5   Next: 11%
Magic:  7/9        EV: 20    Int: 14    God:
Gold:   157        SH:  0    Dex: 16    Spells: 6/9 levels left

rFire   . . .      SeeInvis .      - Unarmed
rCold   . . .      Faith    .    (shield currently unavailable)
rNeg    . . .      Spirit   .    (body armour unavailable)
rPois   .          Reflect  .    (helmet currently unavailable)
rElec   .          Harm     .    (cloak currently unavailable)
rCorr   .          Rampage  .    (gloves currently unavailable)
Will    .....                    (boots currently unavailable)
Stlth   +                        (no amulet)
HPRegen 0.26/turn                (ring currently unavailable)
MPRegen 0.11/turn                (ring currently unavailable)

@: lethally poisoned (-2 -> -6), bat-form, wereblooded (expiring), flying, very
quick
A: fast, flying, no casting, AC +5, tiny, unfitting armour, (cold-blooded)
a: no special abilities


You were on level 4 of the Dungeon.
You were a bat.
You visited 1 branch of the dungeon, and saw 4 of its levels.
You also visited: Sewer.

You collected 157 gold pieces.

Inventory:

Wands
 p - a wand of charming (7)
Scrolls
 b - a scroll of amnesia {unknown}
 c - a scroll of enchant weapon {unknown}
 d - 2 scrolls of poison {unknown}
 e - a scroll of brand weapon {unknown}
 g - a scroll of vulnerability {unknown}
 h - 2 scrolls of identify {unknown}
 k - a scroll of fear {unknown}
 l - 3 scrolls of teleportation {unknown}
 o - 2 scrolls of enchant armour {unknown}
 r - a scroll of summoning {unknown}
Potions
 a - 2 potions of lignification
 f - 3 potions of heal wounds {unknown}
 i - a potion of degeneration {unknown}
 j - a potion of attraction {unknown}
 m - 3 potions of brilliance {unknown}
 n - a potion of magic {unknown}
 q - a potion of invisibility {unknown}


   Skills:
 + Level 2.0 Fighting
 + Level 2.7 Dodging
 + Level 4.3 Unarmed Combat
 + Level 2.7 Spellcasting
 + Level 2.5 Transmutations
 + Level 0.1 Evocations


You had 6 spell levels left.
You knew the following spells:

 Your Spells              Type           Power      Damage    Failure   Level
a - Beastly Appendage     Tmut           16%        N/A       8%          1
b - Wereblood             Tmut           8%         N/A       12%         2

Your spell library contained the following spells:

 Spells                   Type           Power      Damage    Failure   Level
 Necrotise                Necr           4%         1d4       22%         1
 Spider Form              Tmut/Pois      5%         N/A       36%         3
 Dazzling Flash           Conj/Hex       2%         N/A       54%         3
 Inner Flame              Hex/Fire       1%         N/A       54%         3
 Vampiric Draining        Necr           1%         2d6       54%         3
 Ice Form                 Ice/Tmut       5%         N/A       78%         4
 Animate Dead             Necr           1%         N/A       91%         4
 Flame Wave               Conj/Fire      1%         2d4       91%         4
 Sticky Flame             Conj/Fire      1%         2d3       91%         4
 Agony                    Necr           1%         N/A       99%         5
 Borgnjor's Vile Clutch   Necr/Erth      0%         N/A       99%         5
 Silence                  Hex/Air        0%         N/A       99%         5
 Death Channel            Necr           0%         N/A       100%        6


Dungeon Overview and Level Annotations

Branches:
Dungeon (4/15)              Sewer (visited)
 Temple: D:4-7

Altars:

Annotations:
D:4 Ijyb


Innate Abilities, Weirdness & Mutations

You are a bat.
You are tiny and dextrous.
You move quickly.
You are flying.
Your equipment is almost entirely melded.
You are incapable of wielding weapons or throwing items.
You cannot cast spells.
((Your plain brown scales are hard. (AC +5)))
You cannot fit into any form of body armour.
((You are cold-blooded and may be slowed by cold attacks.))


Message History

The adder bites you but does no damage. The gnoll closely misses you.
Ijyb screams, "Get away!"
The goblin barely misses you.
The ball python bites you but does no damage.
The ball python barely misses you. The adder misses you.
Your Fighting skill increases to level 2!
You have reached level 5!
You barely miss the goblin. Your headbutt misses the goblin.
You tail-slap the goblin.
You feel a bit better.
You kill the goblin!
The gnoll misses you. The adder bites you.
The ball python bites you but does no damage.
The ball python barely misses you.
You hit the ball python.
You feel a bit better.
You kill the ball python!
The gnoll completely misses you. The gnoll misses you. The adder bites you.
You are poisoned.
The adder poisons you!
An orc comes into view. It is wielding a +0 hand axe.
You punch Ijyb! You claw Ijyb.
Ijyb is heavily wounded.
You feel sick.
The gnoll hits you from afar with a +0 halberd!
* * * LOW HITPOINT WARNING * * *
The adder bites you.
* * * LOW HITPOINT WARNING * * *
The gnoll hits you from afar with a +0 spear.
* * * LOW HITPOINT WARNING * * *
Ijyb screams, "Get away!"
Ijyb zaps a wand.
Your horns disappear.
Your talons disappear.
You turn into a bat.
You barely miss the adder.
Your primal bloodlust is almost over.
* * * LOW HITPOINT WARNING * * *
You feel sick. The adder bites you.
* * * LOW HITPOINT WARNING * * *
The gnoll misses you. The gnoll closely misses you.
Ijyb hits you with a +0 dagger.
You die...

...<# ##......#
##### .........
........#
........######
.......(.....#
.............#
......ggg)...#
##...##g##.###
##...##b##+####
......)†S......
...............
...........o...
.......<...(...
#######....##..
#....# . .....#
.....#


You could see Ijyb, 3 gnolls, an adder and an orc.

Vanquished Creatures
  A howler monkey (D:4)
  A gnoll bouda (D:3)
  2 adders (D:3)
  A gnoll (D:3)
  A dart slug (D:3)
  2 worms
  An orc (D:3)
  3 endoplasms
  6 giant cockroaches
  4 goblins
  5 hobgoblins
  4 jackals (D:2)
  A quokka (D:2)
  5 ball pythons
  4 bats
  2 frilled lizards
  6 kobolds
  5 rats
54 creatures vanquished.

Notes
Turn   | Place    | Note
-------+----------+-------------------------------------------
     0 | D:1      | Farfigtubin the Draconian Transmuter began the quest for
                  | the Orb.
     0 | D:1      | Reached XP level 1. HP: 16/16 MP: 3/3
   217 | D:1      | Reached XP level 2. HP: 23/23 MP: 3/5
   246 | D:1      | Found a faded altar of an unknown god.
   733 | D:2      | Learned a level 2 spell: Wereblood
   766 | D:2      | Reached XP level 3. HP: 26/28 MP: 3/6
  1412 | D:3      | Found a glowing drain.
  1426 | Sewer    | Entered a sewer
  1494 | Sewer    | Noticed Pargi
  1538 | D:3      | Reached XP level 4. HP: 10/35 MP: 7/7
  1939 | D:4      | Noticed Ijyb
  1955 | D:3      | Reached skill level 4 in Unarmed Combat
  2127 | D:4      | Reached XP level 5. HP: 19/41 MP: 6/9
  2130 | D:4      | Slain by Ijyb

Illustrated notes

Levels and vault maps discovered:
D:1:      spicycebolla_green_bress_n_ham, layout_basic,
          chequers_ecumenical_altar_simple_redux, glass_columns_b
D:2:      layout_basic
D:3:      layout_basic, portal_sewer_entry_b
D:4:      layout_gridville, lexackson_kobold_supper, uniq_ijyb

Skill      XL: |  1  2  3  4 |
---------------+-------------+-----
Dodging        | 2 |  2.7
Unarmed Combat | 4 |  4.3
Fighting       | 2 |  2.0
Spellcasting   | |  2.7
Transmutations | |  2.5
Evocations     | |  0.1

Action                   |  1- 3 |  4- 6 || total
-------------------------+-------+-------++-------
Melee: Unarmed           |   120 |    30 ||   150
       Kick              |    21 |     8 ||    29
       Tailslap          |    10 |     3 ||    13
       Punch             |     3 |       ||     3
       Headbutt          |     8 |     8 ||    16
 Cast: Beastly Appendage |    23 |     6 ||    29
       Wereblood         |     5 |     2 ||     7
Evoke: Wand              |     1 |       ||     1
Armor: Skin              |    45 |    14 ||    59
Dodge: Dodged            |    73 |    41 ||   114

Table legend: (Time is in decaauts)
 A = Elapsed time spent in this place.
 B = Non-inter-level travel time spent in this place.
 C = Inter-level travel time spent in this place.
 D = Time resting spent in this place.
 E = Time spent auto-exploring this place.
 F = Levels seen in this place.
 G = Mean time per level.
                   A        B        C        D        E       F      G
               +--------+--------+--------+--------+--------+-----+--------+
         Total |   2125 |   2065 |     60 |    204 |    635 |   5 |  425.0 |
       Dungeon |   2016 |   1956 |     60 |    204 |    635 |   4 |  504.0 |
         Sewer |    109 |    109 |      0 |      0 |      0 |   1 |  109.0 |
               +--------+--------+--------+--------+--------+-----+--------+

Top non-repeatable levels by time:
     D:3: 882 daAuts
     D:1: 597 daAuts
     D:2: 500 daAuts
   Sewer: 109 daAuts
     D:4: 35 daAuts
